General information
- name: BNet
- type: Ladder team game (AT/RT)
- host: Battle.net
- saver: TroIls
map: Deadlock
- players: 8
- length: 48:12
- speed: Fast
- version: 1.26 W3XP
- replay type: Public
» download(272 KB)
Players
team 1 (winner)

»
chuchoelroto (
blue | 46 APM | 705 actions | 15:12)
4 Mountain King
2 Storm Bolt
2 Bash
2 Paladin
1 Holy Light
1 Divine Shield
1 Archmage
1 Blizzard
» actions
| Assign group hotkey | 25 | |
| Basic commands | 16 | |
| Build / train | 68 | |
| Enter build submenu | 29 | |
| Enter hero's abilities submenu | 7 | |
| Give item / drop item | 2 | |
| Remove unit from queue | 2 | |
| Right click | 171 | |
| Select / deselect | 226 | |
| Select group hotkey | 87 | |
| Use ability | 72 | |
705 total
» units
| Peasant | 16 | |
| Footman | 6 | |
| Mortar Team | 3 | |
| Rifleman | 4 | |
| Siege Engine | 2 | |
31 total
» upgrades
| Lumber Harvesting | 1 | |
| Gunpowder | 2 | |
| Armor | 1 | |
| Barrage | 1 | |
| Fragmentation Shards | 1 | |
6 total
» buildings
| Altar of Kings | 1 | |
| Farm | 12 | |
| Barracks | 1 | |
| Lumber Mill | 1 | |
| Arcane Vault | 2 | |
| Keep | 1 | |
| Town Hall | 1 | |
| Scout Tower | 7 | |
| Guard Tower | 4 | |
| Blacksmith | 1 | |
| Arcane Tower | 1 | |
| Workshop | 3 | |
| Castle | 1 | |
36 total
» build order
00:21 Altar of Kings
00:26 Farm
00:46 Barracks
01:09 Farm
01:32 Lumber Mill
01:50 Farm
01:54 Farm
02:39 Arcane Vault
03:28 Farm
04:08 Keep
04:45 Town Hall
04:59 Scout Tower
05:05 Scout Tower
05:08 Arcane Vault
05:27 Guard Tower
05:32 Scout Tower
05:48 Blacksmith
05:55 Arcane Tower
06:09 Scout Tower
06:21 Scout Tower
06:41 Guard Tower
07:09 Workshop
07:12 Workshop
07:47 Guard Tower
08:04 Castle
08:36 Scout Tower
08:40 Scout Tower
08:43 Workshop
09:16 Guard Tower
09:33 Farm
09:51 Farm
09:57 Farm
09:59 Farm
10:03 Farm
10:05 Farm
10:41 Farm
» items
| Scroll of Regeneration | 2 | |
| Lesser Clarity Potion | 4 | |
| Orb of Fire | 1 | |
| Potion of Healing | 3 | |
| Potion of Mana | 2 | |
12 total
TroIls (
orange | 117 APM | 5623 actions | 48:12)
10 Shadow Hunter
3 Healing Wave
3 Hex
1 Big Bad Voodoo
3 Serpent Ward
» actions
| Assign group hotkey | 118 | |
| Basic commands | 375 | |
| Build / train | 151 | |
| ESC pressed | 10 | |
| Enter build submenu | 78 | |
| Enter hero's abilities submenu | 10 | |
| Give item / drop item | 2 | |
| Remove unit from queue | 1 | |
| Right click | 2706 | |
| Select / deselect | 520 | |
| Select group hotkey | 1361 | |
| Use ability | 291 | |
5623 total
» units
| Peon | 29 | |
| Grunt | 3 | |
| Troll Headhunter/Berserker | 29 | |
| Demolisher | 2 | |
63 total
» upgrades
| Ranged Weapons | 3 | |
| Armor | 4 | |
| Spiked Barricades | 3 | |
| Troll Regeneration | 1 | |
| Berserker Upgrade | 1 | |
| Berserker Strength | 1 | |
| Reinforced Defenses | 1 | |
| Pillage | 1 | |
| Melee Weapons | 0 | |
15 total
» buildings
| Altar of Storms | 1 | |
| Orc Burrow | 7 | |
| Barracks | 2 | |
| War Mill | 1 | |
| Voodoo Lounge | 1 | |
| Stronghold | 3 | |
| Watch Tower | 47 | |
| Great Hall | 4 | |
| Fortress | 4 | |
| Tauren Totem | 1 | |
71 total
» build order
00:19 Altar of Storms
00:24 Orc Burrow
00:43 Barracks
01:27 War Mill
01:43 Orc Burrow
02:14 Voodoo Lounge
03:49 Stronghold
03:49 Stronghold
03:49 Stronghold
04:12 Orc Burrow
05:05 Orc Burrow
05:59 Watch Tower
06:00 Watch Tower
06:12 Great Hall
06:41 Fortress
06:42 Fortress
06:42 Fortress
06:51 Watch Tower
07:05 Watch Tower
07:06 Watch Tower
08:40 Barracks
11:04 Watch Tower
11:06 Watch Tower
12:14 Watch Tower
13:32 Watch Tower
13:33 Watch Tower
16:37 Tauren Totem
16:38 Watch Tower
16:39 Watch Tower
16:40 Watch Tower
16:56 Watch Tower
16:57 Watch Tower
16:58 Watch Tower
17:00 Watch Tower
18:36 Orc Burrow
19:00 Watch Tower
19:31 Watch Tower
19:34 Watch Tower
20:15 Great Hall
21:03 Watch Tower
21:03 Watch Tower
21:05 Watch Tower
21:06 Watch Tower
21:07 Watch Tower
21:09 Watch Tower
21:11 Watch Tower
21:28 Watch Tower
22:47 Watch Tower
22:48 Watch Tower
22:49 Watch Tower
22:49 Watch Tower
25:24 Orc Burrow
25:30 Watch Tower
25:34 Watch Tower
26:41 Great Hall
26:43 Watch Tower
26:44 Watch Tower
28:35 Watch Tower
29:51 Watch Tower
29:53 Orc Burrow
31:07 Watch Tower
31:08 Watch Tower
36:28 Watch Tower
36:28 Watch Tower
36:29 Watch Tower
37:25 Great Hall
38:23 Watch Tower
38:25 Watch Tower
38:29 Watch Tower
38:32 Watch Tower
» items
| Healing Salve | 9 | |
| Scroll of Town Portal | 9 | |
| Lesser Clarity Potion | 8 | |
| Orb of Lightning | 1 | |
| Boots of Speed | 1 | |
| Periapt of Vitality | 1 | |
| Potion of Mana | 5 | |
| Potion of Lesser Invulnerability | 1 | |
35 total
Dildasaurus (
teal | 29 APM | 1394 actions | 48:11)
7 Paladin
3 Holy Light
1 Devotion Aura
2 Divine Shield
1 Resurrection
» actions
| Basic commands | 1 | |
| Build / train | 81 | |
| Enter build submenu | 29 | |
| Enter hero's abilities submenu | 6 | |
| Remove unit from queue | 6 | |
| Right click | 667 | |
| Select / deselect | 547 | |
| Use ability | 57 | |
1394 total
» units
| Peasant | 21 | |
| Footman | 6 | |
| Rifleman | 3 | |
| Knight | 9 | |
| Priest | 3 | |
| Siege Engine | 5 | |
47 total
» upgrades
| Defend | 1 | |
| Lumber Harvesting | 2 | |
| Animal War Training | 1 | |
| Priest Training | 2 | |
| Swords | 3 | |
| Plating | 3 | |
| Barrage | 1 | |
| Gunpowder | 2 | |
15 total
» buildings
| Farm | 14 | |
| Barracks | 2 | |
| Altar of Kings | 1 | |
| Scout Tower | 4 | |
| Lumber Mill | 2 | |
| Guard Tower | 4 | |
| Blacksmith | 1 | |
| Keep | 2 | |
| Town Hall | 6 | |
| Castle | 2 | |
| Arcane Sanctum | 1 | |
| Workshop | 2 | |
41 total
» build order
00:06 Farm
00:11 Barracks
00:13 Altar of Kings
01:11 Farm
03:04 Farm
03:07 Scout Tower
03:13 Lumber Mill
04:19 Guard Tower
05:09 Blacksmith
06:15 Keep
06:33 Farm
06:34 Farm
06:35 Farm
08:38 Town Hall
08:42 Castle
09:07 Castle
09:51 Scout Tower
09:52 Scout Tower
09:53 Scout Tower
10:46 Guard Tower
10:57 Barracks
11:00 Arcane Sanctum
11:17 Guard Tower
11:18 Guard Tower
12:29 Farm
12:35 Farm
12:36 Farm
13:38 Workshop
13:54 Farm
13:55 Farm
16:22 Workshop
16:30 Lumber Mill
20:19 Farm
20:20 Farm
20:20 Farm
22:31 Town Hall
29:54 Town Hall
36:18 Town Hall
38:55 Town Hall
40:27 Keep
42:49 Town Hall
42:55 Castle
44:19 Castle
nonso (
green | 29 APM | 264 actions | 09:02)
1 Blademaster
1 Mirror Image
» actions
| Basic commands | 1 | |
| Build / train | 25 | |
| Enter build submenu | 12 | |
| Enter hero's abilities submenu | 1 | |
| Remove unit from queue | 1 | |
| Right click | 139 | |
| Select / deselect | 73 | |
| Use ability | 12 | |
264 total
» units
| Peon | 7 | |
| Grunt | 5 | |
| Troll Headhunter/Berserker | 9 | |
21 total
» buildings
| Altar of Storms | 1 | |
| Barracks | 1 | |
| Orc Burrow | 4 | |
| War Mill | 1 | |
| Voodoo Lounge | 1 | |
| Stronghold | 1 | |
9 total
» build order
00:22 Altar of Storms
00:30 Barracks
01:46 Orc Burrow
02:48 Orc Burrow
03:46 War Mill
04:09 Voodoo Lounge
04:16 Orc Burrow
05:35 Orc Burrow
07:17 Stronghold
team 2 (loser)
Frito.Bandito (
purple | 30 APM | 1433 actions | 48:10)
7 Blademaster
3 Wind Walk
3 Critical Strike
1 Bladestorm
» actions
| Assign group hotkey | 27 | |
| Basic commands | 188 | |
| Build / train | 69 | |
| Enter build submenu | 51 | |
| Enter hero's abilities submenu | 7 | |
| Give item / drop item | 8 | |
| Remove unit from queue | 1 | |
| Right click | 543 | |
| Select / deselect | 310 | |
| Select group hotkey | 120 | |
| Use ability | 109 | |
1433 total
» units
» upgrades
| Pillage | 1 | |
| Reinforced Defenses | 1 | |
| Ranged Weapons | 3 | |
| Armor | 3 | |
| Envenomed Spears | 1 | |
9 total
» buildings
| Orc Burrow | 5 | |
| Altar of Storms | 1 | |
| Barracks | 1 | |
| Voodoo Lounge | 1 | |
| Stronghold | 3 | |
| War Mill | 2 | |
| Great Hall | 2 | |
| Watch Tower | 37 | |
| Fortress | 1 | |
| Beastiary | 4 | |
| Spirit Lodge | 1 | |
58 total
» build order
00:13 Orc Burrow
00:51 Altar of Storms
00:53 Barracks
01:06 Orc Burrow
01:54 Voodoo Lounge
02:49 Stronghold
02:49 Stronghold
04:35 War Mill
05:28 Great Hall
05:33 Orc Burrow
05:55 Watch Tower
05:56 Watch Tower
05:57 Watch Tower
05:58 Watch Tower
07:52 Fortress
07:55 Watch Tower
07:56 Watch Tower
07:59 Watch Tower
09:22 Watch Tower
09:27 Watch Tower
09:27 Watch Tower
10:30 Great Hall
10:42 War Mill
12:06 Watch Tower
12:07 Watch Tower
12:08 Watch Tower
12:10 Watch Tower
15:42 Watch Tower
15:43 Watch Tower
15:47 Watch Tower
15:48 Watch Tower
15:49 Watch Tower
15:51 Watch Tower
15:57 Beastiary
16:00 Beastiary
16:02 Beastiary
16:04 Beastiary
22:59 Orc Burrow
23:00 Orc Burrow
26:25 Spirit Lodge
27:05 Watch Tower
27:06 Watch Tower
27:24 Watch Tower
27:24 Watch Tower
27:25 Watch Tower
27:25 Watch Tower
27:26 Watch Tower
27:27 Watch Tower
27:27 Watch Tower
27:28 Watch Tower
27:29 Watch Tower
27:29 Watch Tower
32:14 Watch Tower
38:30 Watch Tower
38:34 Watch Tower
38:39 Watch Tower
38:45 Watch Tower
» items
| Healing Salve | 5 | |
| Orb of Lightning | 1 | |
| Periapt of Vitality | 1 | |
| Scroll of Town Portal | 1 | |
| Lesser Clarity Potion | 1 | |
| Staff of Teleportation | 1 | |
10 total

»
SAINT_SEIYA (
red | 54 APM | 2029 actions | 37:28)
5 Demon Hunter
3 Mana Burn
2 Evasion
» actions
| Assign group hotkey | 16 | |
| Basic commands | 136 | |
| Build / train | 102 | |
| ESC pressed | 1 | |
| Enter build submenu | 30 | |
| Enter hero's abilities submenu | 5 | |
| Give item / drop item | 2 | |
| Right click | 1237 | |
| Select / deselect | 285 | |
| Select group hotkey | 147 | |
| Use ability | 68 | |
2029 total
» units
| Wisp | 27 | |
| Archer | 4 | |
| Huntress | 14 | |
| Hippogryph | 4 | |
| Chimaera | 13 | |
62 total
» upgrades
| Sentinel | 1 | |
| Hippogryph Taming | 1 | |
| Improved Bows | 1 | |
| Upgrade Moon Glaive | 1 | |
| Corrosive Breath | 1 | |
| Nature's Blessing | 1 | |
6 total
» buildings
| Altar of Elders | 1 | |
| Moon Well | 10 | |
| Ancient of War | 1 | |
| Hunter's Hall | 1 | |
| Ancient Protector | 2 | |
| Tree of Ages | 6 | |
| Ancient of Wonders | 1 | |
| Ancient of Wind | 1 | |
| Tree of Eternity | 3 | |
| Chimaera Roost | 2 | |
| Tree of Life | 3 | |
31 total
» build order
00:12 Altar of Elders
00:15 Moon Well
00:20 Moon Well
01:01 Ancient of War
01:33 Moon Well
02:22 Hunter's Hall
03:00 Moon Well
03:27 Ancient Protector
03:57 Ancient Protector
04:36 Tree of Ages
04:36 Tree of Ages
04:36 Tree of Ages
04:37 Tree of Ages
05:17 Moon Well
06:33 Ancient of Wonders
07:15 Ancient of Wind
08:28 Tree of Eternity
08:28 Tree of Eternity
10:42 Moon Well
10:44 Moon Well
10:45 Moon Well
11:49 Chimaera Roost
16:23 Chimaera Roost
16:49 Moon Well
16:50 Moon Well
20:53 Tree of Life
24:21 Tree of Life
31:28 Tree of Life
» items
| Scroll of Town Portal | 2 | |
| Scroll of Healing | 1 | |
| Scroll of Protection | 1 | |
| Potion of Lesser Invulnerability | 1 | |
| Healing Salve | 2 | |
| Scroll of Speed | 1 | |
8 total

»
rawPOWER (
yellow | 30 APM | 1277 actions | 42:05)
5 Blademaster
2 Wind Walk
3 Critical Strike
2 Naga Sea Witch
1 Frost Arrows
1 Forked Lightning
» actions
| Basic commands | 5 | |
| Build / train | 89 | |
| Enter build submenu | 22 | |
| Enter hero's abilities submenu | 7 | |
| Remove unit from queue | 12 | |
| Right click | 637 | |
| Select / deselect | 418 | |
| Use ability | 86 | |
1277 total
» units
| Peon | 9 | |
| Troll Headhunter/Berserker | 10 | |
| Troll Batrider | 17 | |
| Demolisher | 3 | |
| Raider | 8 | |
47 total
» upgrades
| Ranged Weapons | 3 | |
| Liquid Fire | 1 | |
| Armor | 2 | |
| Burning Oil | 1 | |
| Reinforced Defenses | 1 | |
| Pillage | 1 | |
| Melee Weapons | 2 | |
| Ensnare | 1 | |
12 total
» buildings
| Altar of Storms | 3 | |
| Orc Burrow | 6 | |
| War Mill | 2 | |
| Barracks | 2 | |
| Watch Tower | 3 | |
| Voodoo Lounge | 1 | |
| Stronghold | 1 | |
| Fortress | 1 | |
| Beastiary | 2 | |
| Great Hall | 2 | |
23 total
» build order
00:05 Altar of Storms
00:07 Orc Burrow
00:57 War Mill
01:17 Barracks
02:18 Orc Burrow
02:47 War Mill
03:17 Watch Tower
04:16 Watch Tower
05:16 Watch Tower
05:31 Voodoo Lounge
05:49 Stronghold
05:52 Orc Burrow
07:26 Orc Burrow
08:33 Orc Burrow
08:34 Fortress
10:18 Beastiary
10:22 Beastiary
11:03 Great Hall
16:40 Orc Burrow
24:41 Barracks
25:03 Great Hall
39:41 Altar of Storms
39:54 Altar of Storms
» items
| Healing Salve | 2 | |
| Lesser Clarity Potion | 2 | |
| Scroll of Town Portal | 1 | |
| Orb of Lightning | 1 | |
| Potion of Healing | 1 | |
7 total
EduSilva (
pink | 53 APM | 2542 actions | 47:44)
6 Mountain King
2 Thunder Clap
3 Storm Bolt
1 Avatar
5 Paladin
2 Divine Shield
3 Holy Light
4 Dark Ranger
2 Silence
2 Black Arrow
» actions
| Assign group hotkey | 64 | |
| Basic commands | 2 | |
| Build / train | 110 | |
| Enter build submenu | 37 | |
| Enter hero's abilities submenu | 17 | |
| Give item / drop item | 1 | |
| Remove unit from queue | 2 | |
| Right click | 1635 | |
| Select / deselect | 495 | |
| Select group hotkey | 34 | |
| Use ability | 145 | |
2542 total
» units
| Peasant | 15 | |
| Footman | 6 | |
| Centaur Outrunner | 1 | |
| Rifleman | 5 | |
| Gryphon Rider | 7 | |
| Knight | 17 | |
| Mortar Team | 4 | |
55 total
» upgrades
| Masonry | 1 | |
| Long Rifles | 1 | |
| Storm Hammers | 1 | |
| Animal War Training | 1 | |
| Lumber Harvesting | 1 | |
| Swords | 1 | |
| Armor | 1 | |
| Fragmentation Shards | 1 | |
| Flare | 1 | |
| Barrage | 1 | |
10 total
» buildings
| Altar of Kings | 1 | |
| Farm | 13 | |
| Barracks | 1 | |
| Arcane Vault | 1 | |
| Lumber Mill | 1 | |
| Scout Tower | 9 | |
| Guard Tower | 8 | |
| Blacksmith | 1 | |
| Keep | 1 | |
| Town Hall | 5 | |
| Castle | 1 | |
| Gryphon Aviary | 2 | |
| Workshop | 1 | |
45 total
» build order
00:24 Altar of Kings
00:38 Farm
00:53 Barracks
01:17 Farm
01:55 Farm
02:00 Arcane Vault
02:23 Lumber Mill
02:38 Farm
03:15 Scout Tower
03:17 Farm
03:49 Scout Tower
03:59 Farm
04:06 Guard Tower
05:03 Farm
05:16 Blacksmith
05:21 Scout Tower
05:59 Farm
07:18 Farm
07:20 Keep
07:41 Town Hall
08:12 Farm
08:15 Guard Tower
08:16 Guard Tower
10:04 Castle
10:12 Farm
10:35 Town Hall
11:14 Farm
12:09 Farm
12:13 Gryphon Aviary
12:17 Gryphon Aviary
13:19 Scout Tower
15:07 Scout Tower
15:08 Guard Tower
16:47 Scout Tower
16:49 Guard Tower
17:22 Scout Tower
18:19 Scout Tower
18:21 Guard Tower
19:02 Scout Tower
19:03 Guard Tower
19:07 Workshop
19:37 Guard Tower
21:55 Town Hall
29:29 Town Hall
47:22 Town Hall
» items
| Scroll of Regeneration | 4 | |
| Lesser Clarity Potion | 2 | |
| Scroll of Town Portal | 3 | |
| Potion of Mana | 5 | |
| Potion of Healing | 1 | |
15 total
Chat log
(00:05 / All) TroIls: NEW TROLL HERE!
(00:08 / All) TroIls: NEW TROLL HERE!
(00:32 / All) rawPOWER: Anyone who wants to join Clan NWO whisper me after the game :)
(00:40 / All) TroIls: Your clan is shit
(00:42 / All) Frito.Bandito: Fuck you illuminati bastard
(00:57 / All) Frito.Bandito: I am the 99%!
(01:06 / All) TroIls: WE ARE THE 99%!
(01:46 / All) Frito.Bandito: my barracks flag was all fucked up, it had 2 of them
(04:54 / All) TroIls: Why the hell is troll headhunter an agi hero
(04:57 / All) TroIls: it's a spellcaster
(05:18 / All) rawPOWER: stfu
(05:24 / All) Dildasaurus: NOU
(05:36 / All) TroIls: You shut up bitch, you're going to be my bitch yellow
(05:42 / All) rawPOWER: cant wait :)
(05:44 / All) Dildasaurus: I am very interested orange.
(07:16 / All) Frito.Bandito: who HUEHUEHUE up in this bitch?
(07:49 / Allies) chuchoelroto: weooo dplz
(10:19 / Allies) chuchoelroto: well i gues he left
(10:24 / Allies) chuchoelroto: cox orange suckx
(10:31 / Allies) TroIls: I did more than you all game
(10:59 / Allies) chuchoelroto: teal sucks too
(11:04 / Allies) chuchoelroto: patetic
(11:31 / Allies) chuchoelroto: hahahah
(11:34 / Allies) TroIls: wood
(12:16 / Allies) TroIls: wood
(12:24 / All) TroIls: THE TROLLS NEED LUMBER!
(13:07 / Allies) Dildasaurus: Terribad blue is terribad
(13:12 / Allies) TroIls: He sure is
(13:17 / Allies) TroIls: See? Both of us think so blue
(13:20 / Allies) TroIls: You are pathetic
(13:26 / Allies) Dildasaurus: ^^^^
(14:04 / All) TroIls: Look at blue try so hard not to get wrecked
(14:29 / Allies) Dildasaurus: 4 grunts and 2 heros beat you?
(14:35 / Allies) TroIls: He's that bad
(14:39 / Allies) Dildasaurus: do you know how long this game has been out?
(14:40 / Allies) chuchoelroto: nice
(14:40 / Allies) TroIls: Doesn't take much to kill a clueless moron
(14:44 / All) rawPOWER: nice peasants blue
(14:45 / Allies) Dildasaurus: how can you still be this bad...
(14:54 / All) chuchoelroto: sry guys
(14:56 / All) chuchoelroto: bad game
(14:58 / All) rawPOWER: stfu
(14:59 / All) TroIls: You should be sorry
(15:00 / All) chuchoelroto: orange sucked
(15:02 / All) rawPOWER: you suck
(15:03 / All) TroIls: That was an embarassment
(15:06 / All) rawPOWER: evvery game
(15:07 / All) chuchoelroto: scared teamates
(15:08 / All) TroIls: Both teal and I and yellow think you suck blue
(15:17 / Allies) Dildasaurus: lulz
(16:21 / All) TroIls: nice clarity potion in combat
(16:22 / All) TroIls: wtf was that
(16:25 / All) TroIls: it's canceled by damage
(16:28 / All) TroIls: if you didn't know, pink
(18:14 / All) Frito.Bandito: whoops
(23:36 / Allies) TroIls: tp
(23:56 / Allies) Dildasaurus: negatory, never bought another.. didnt think we were going to last this long lol
(23:56 / Allies) TroIls: why no tp
(24:17 / All) TroIls: Teal is a good ally
(24:40 / Allies) TroIls: hit there after
(24:41 / Allies) TroIls: expos
(25:35 / All) Frito.Bandito: having difficulties, red?
(26:34 / Allies) TroIls: let's hit the noob elf
(27:06 / Allies) TroIls: ignore purp's expo
(27:11 / Allies) TroIls: and let's go for the kill on red
(28:18 / Allies) TroIls: let's hit pink after, purp has too many towers
(28:23 / Allies) Dildasaurus: k
(28:52 / Allies) Dildasaurus: could i get some gold for an expo?
(28:58 / Allies) TroIls: yeah
(31:01 / Allies) Dildasaurus: dafaq
(31:09 / Allies) Dildasaurus: so much for my shield x_x..
(31:16 / Allies) TroIls: We got it don't worry
(31:33 / All) TroIls: wtf is that dh doing
(34:48 / All) TroIls: 1v4
(35:50 / All) TroIls: MOVE COMMAND
(36:48 / All) Frito.Bandito: With allies like these, who needs enemies?
(37:07 / All) TroIls: Teal and I 2v4ing
(37:14 / All) TroIls: Teal is pro
(37:23 / All) rawPOWER: seeing as purple is helping you?
(37:28 / All) Frito.Bandito: I wish I had teal on my team, jeez my allies are pathetic
(37:29 / All) TroIls: I would have either way
(37:32 / All) TroIls: You were a complete noob
(37:36 / All) TroIls: Purple was the only good player on your team
(40:37 / All) TroIls: How's it feel to be 0 food, yellow?
(40:49 / All) rawPOWER: i dont have 0 food...
(43:14 / All) TroIls: How's it feel to be 2v4ed pink?
(43:15 / All) Frito.Bandito: Can I trade you pink for tael?
(43:25 / All) TroIls: Nay, I think teal should live
(43:29 / All) TroIls: He has been a faithful comrade in arms
(43:34 / All) Dildasaurus: <3
(43:38 / All) Frito.Bandito: Can he be my ally
(43:42 / All) TroIls: yeah
(43:58 / All) Dildasaurus: Oh Bandito, you know i already am.. *cough cough*
(43:59 / All) TroIls: The team is now me, teal, and purple vs pink
(44:51 / All) Frito.Bandito: HUEHUEHUE
(45:56 / Allies) Dildasaurus: dont worry OJ lol, i wont let you die
(46:04 / Allies) TroIls: Good man
(46:14 / All) TroIls: another clarity in combat
(47:11 / Allies) TroIls: b
(47:23 / Allies) TroIls: Purple is on our team
(47:25 / Allies) TroIls: so let's not attack him
(47:26 / Allies) Dildasaurus: ill have tanks again soon..
(47:32 / Allies) Dildasaurus: k lol
(47:48 / All) Frito.Bandito: lawl
(47:51 / All) TroIls: I say teal still wins
(47:54 / All) TroIls: He was pro
(48:04 / All) TroIls: The other two people on my team were noobs but didn't give much of a shit
(48:06 / All) TroIls: did nothing all game
(48:06 / All) Dildasaurus: I am sensing sarcasm but ill take it <3
(48:08 / All) Frito.Bandito: GG teal you beasted, my team was shit in comparison
(48:09 / All) TroIls: Teal was a valiant warrior